 Dungeon Crawl Stone Soup version 0.20.0-15-g7f486f2 (webtiles) character file.

570 Chiseanne the Magician (level 7, 46/46 HPs)
             Began as a Demonspawn Wizard on June 11, 2017.
             Quit the game on level 5 of the Dungeon.
             The game lasted 00:11:16 (6655 turns).

Chiseanne the Magician (Demonspawn Wizard)          Turns: 6655, Time: 00:11:17

Health: 46/46      AC:  5    Str:  7    XL:     7   Next: 11%
Magic:  15/15      EV: 12    Int: 21    God:
Gold:   153        SH:  0    Dex: 12    Spells: 5/17 levels left

rFire    + . .     SeeInvis .   a - +3 rapier
rCold    . . .     Gourm    .   (no shield)
rNeg     . . .     Faith    .   c - +0 robe
rPois    .         Spirit   .   b - +0 hat
rElec    .         Reflect  .   (no cloak)
rCorr    .         Harm     .   (no gloves)
MR       .....                  (no boots)
Stlth    ++........             (no amulet)
Regen    0.2/turn               (no ring)
MPRegen  0.2/turn               (no ring)

@: no status effects
A: horns 1, slimy green scales 2, fire resistance 1, spiny 1
a: no special abilities


You were on level 5 of the Dungeon.
You were not hungry.

You visited 1 branch of the dungeon, and saw 5 of its levels.

You collected 153 gold pieces.

Inventory:

Hand Weapons
 a - a +3 rapier (weapon)
 w - a +0 blowgun
Missiles
 f - 40 arrows
 o - 262 stones (quivered)
 t - 39 poisoned needles
 x - 2 javelins
Armour
 b - a +0 hat (worn)
 c - a +0 robe (worn)
Scrolls
 e - 2 scrolls of remove curse
 g - a scroll of immolation
 i - a scroll of magic mapping
 p - 2 scrolls of recharging
 r - a scroll of fear
Potions
 h - a potion of magic
 j - 2 potions of flight
 n - a potion of agility {unknown}
 s - a potion of mutation
 u - a potion of resistance {unknown}
 v - a potion of might {unknown}
Comestibles
 d - 5 bread rations
 k - 2 royal jellies
 l - 5 meat rations
 m - 2 chunks of flesh


   Skills:
 - Level 1.7 Dodging
 - Level 1.7 Stealth
 * Level 5.7 Spellcasting
 * Level 4.8 Conjurations
   Level 1.0 Summonings
 - Level 0.8 Translocations
 * Level 1.6 Fire Magic


You had 5 spell levels left.
You knew the following spells:

 Your Spells              Type           Power        Failure   Level  Hunger
a - Magic Dart            Conj           ####         1%          1    None
b - Blink                 Tloc           N/A          11%         2    None
c - Conjure Flame         Conj/Fire      ###.....     8%          3    ##.....
d - Mephitic Cloud        Conj/Pois/Air  ##......     16%         3    ##.....
e - Ignite Poison         Fire/Tmut/Pois #.......     24%         3    ##.....


Dungeon Overview and Level Annotations

Branches:
Dungeon (5/15)
 Temple: D:4-7

Altars:

Annotations:
D:2 Natasha, Sigmund
D:3 dscm's ghost, weakling OpEE
D:5 Dowan; Duvessa; boben's ghost, novice MiFi


Innate Abilities, Weirdness & Mutations

You have a pair of small horns on your head.
You are mostly covered in slimy green scales. (AC +3)
Your flesh is heat resistant. (rF+)
You are partially covered in sharp spines.


Message History

The worker ant barely misses you.
Casting: Magic Dart
Confirm with . or Enter, or press ? or * to list all spells.
Aiming: Magic Dart
Press: ? - help, Shift-Dir - straight line, f/p - worker ant
Aim: a worker ant (almost dead)
The magic dart hits the worker ant.
You kill the worker ant!
Casting: Magic Dart
Confirm with . or Enter, or press ? or * to list all spells.
Aiming: Magic Dart
Press: ? - help, Shift-Dir - straight line, f - you That beam is likely to hit you.
Continue anyway?
Okay, then.
You see here a worker ant corpse.
You butcher the worker ant corpse.
m - 3 chunks of flesh (gained 2) Some of the chunks of flesh in your inventory have rotted away.
Found a ring mail.
Are you sure you want to abandon this character and quit the game? (Confirm with "yes".)

........... #..###..
#.......... #########
##..#... #...[......
###.......####......
#........#
##..........##..##...
##.......#
#..............###...
#§e.....## ##.............##
#... .<##...##
##..............# #...
a#e.......#.............>.##
#... .
...####.......@..........#
#... . ####
[.................# ##.. #
..................####..
...................#....
.......................#
................)......#
.......................#
..................)....#
..........)....


There were no monsters in sight!

Vanquished Creatures
  An ogre (D:5)
  2 bullfrog zombies
  An orc wizard (D:4)
  3 orc priests
  A centaur skeleton (D:4)
  3 worker ants
  A worker ant zombie (D:5)
  4 gnolls (D:5)
  8 adders
  2 worms
  4 dart slugs
  2 leopard geckos (D:1)
  7 orcs
  4 ball pythons
  7 bats
  5 giant cockroaches
  7 goblins
  7 hobgoblins
  3 kobolds
  2 quokkas (D:5)
  5 frilled lizards
  A jackal skeleton (D:4)
  2 quokka skeletons
  6 rats
88 creatures vanquished.

Notes
Turn   | Place    | Note
-------+----------+-------------------------------------------
     0 | D:1      | Chiseanne the Demonspawn Wizard began the quest for the Orb.
     0 | D:1      | Reached XP level 1. HP: 13/13 MP: 4/4
   659 | D:1      | Gained mutation: Your flesh is heat resistant. (rF+) [demonic ancestry]
   659 | D:1      | Reached XP level 2. HP: 19/19 MP: 1/6
  1584 | D:1      | Learned a level 2 spell: Blink
  1917 | D:2      | Noticed Sigmund
  2011 | D:2      | Gained mutation: You are partially covered in slimy green scales. (AC +2) [demonic ancestry]
  2011 | D:2      | Reached XP level 3. HP: 23/24 MP: 2/8
  2398 | D:2      | Noticed Natasha
  2480 | D:3      | Learned a level 3 spell: Conjure Flame
  2484 | D:3      | Learned a level 3 spell: Mephitic Cloud
  2610 | D:3      | Reached XP level 4. HP: 28/30 MP: 1/9
  2677 | D:3      | Reached skill level 4 in Spellcasting
  2760 | D:3      | Noticed dscm's ghost (weakling OpEE)
  2945 | D:4      | Gained mutation: You are partially covered in sharp spines. [demonic ancestry]
  2945 | D:4      | Reached XP level 5. HP: 35/35 MP: 5/11
  3026 | D:4      | Identified the Almanac of Enthralling Toxins
  4559 | D:4      | Reached skill level 5 in Spellcasting
  4559 | D:4      | Gained mutation: You are mostly covered in slimy green scales. (AC +3) [demonic ancestry]
  4559 | D:4      | Reached XP level 6. HP: 41/41 MP: 0/13
  5266 | D:5      | Entered Level 5 of the Dungeon
  5266 | D:5      | Noticed boben's ghost (novice MiFi)
  5519 | D:4      | Learned a level 3 spell: Ignite Poison
  5997 | D:5      | Noticed Dowan
  5998 | D:5      | Noticed Duvessa
  6411 | D:5      | Reached skill level 1 in Fire Magic
  6478 | D:5      | Gained mutation: You have a pair of small horns on your head. [demonic ancestry]
  6478 | D:5      | Reached XP level 7. HP: 46/46 MP: 0/15
  6655 | D:5      | Quit the game

Skill      XL: |  1  2  3  4  5  6 |
---------------+-------------------+-----
Conjurations   | 2 3 4 |  4.8
Spellcasting   | 4 5 |  5.7
Fire Magic     | 1 |  1.6
Dodging        | |  1.7
Stealth        | |  1.7
Summonings     | |  1.0
Translocations | |  0.8

Action                   |  1- 3 |  4- 6 |  7- 9 || total
-------------------------+-------+-------+-------++-------
Melee: Club              |     5 |       |       ||     5
       Unarmed           |     3 |       |       ||     3
       Rapier            |     5 |    33 |       ||    38
 Cast: Magic Dart        |    94 |   140 |     4 ||   238
       Conjure Flame     |       |     5 |       ||     5
       Mephitic Cloud    |       |     4 |       ||     4
  Use: Scroll            |     8 |     5 |       ||    13
       Potion            |       |     1 |       ||     1
  Eat: Chunk             |     5 |    11 |     1 ||    17
       Fruit             |       |     1 |       ||     1
Armor: Robe              |     6 |    13 |     1 ||    20
Dodge: Dodged            |    13 |    33 |     1 ||    47
